 Dungeon Crawl Stone Soup version 0.29.1-12-g30fa7ad0bf (webtiles) character file.

Game seed: 5194746185537416374

32 shoemetal68 the Ruffian (level 3, -3/31 HPs)
             Began as a Ghoul Chaos Knight on Dec 17, 2022.
             Was a Plaything of Xom.
             Slain by a gnoll
             ... wielding a +2 vorpal flail
              (10 damage)
             ... on level 2 of the Dungeon.
             The game lasted 00:04:54 (723 turns).

shoemetal68 the Ruffian (Ghoul Chaos Knight)         Turns: 723, Time: 00:04:54

Health: -3/31      AC: 12    Str: 17    XL:     3   Next: 25%
Magic:  2/2        EV:  7    Int:  7    God:    Xom [..*...]
Gold:   42         SH:  0    Dex:  8    Spells: 2/2 levels left

rFire   . . .      SeeInvis .     - Unarmed
rCold   + . .      Faith    .   (no shield)
rNeg    + + +      Spirit   .   l - +0 shadow dragon scales
rPois   ∞          Reflect  .   (no helmet)
rElec   .          Harm     .   (no cloak)
rCorr   .          Rampage  .   (no gloves)
Will    .....                   (no boots)
Stlth   ++........              (no amulet)
HPRegen 0.00/turn               c - ring of positive energy
MPRegen 0.08/turn               (no ring)

@: inhibited regen
A: claws 1, cold resistance 1, negative energy resistance 3, inhibited
regeneration, torment resistance 2, devour on kill
a: Renounce Religion


You were on level 2 of the Dungeon.
You worshipped Xom.
You were a toy of Xom.
You visited 1 branch of the dungeon, and saw 2 of its levels.

You collected 42 gold pieces.

Inventory:

Missiles
 d - 27 stones (quivered)
Armour
 a - a +2 leather armour
 g - a +0 scale mail
 l - +0 shadow dragon scales (worn)
Jewellery
 c - a ring of positive energy (left claw)
Scrolls
 f - a scroll of enchant armour {unknown}
 i - a scroll of teleportation {unknown}
 j - a scroll of identify {unknown}
 k - a scroll of fear {unknown}
Potions
 e - a potion of curing {unknown}
 h - a potion of mutation {unknown}
Miscellaneous
 b - a piece from Xom's chessboard (15/15)


   Skills:
 + Level 3.6 Fighting
 + Level 2.2 Armour
 + Level 0.9 Dodging
 + Level 4.0 Unarmed Combat


You had 2 spell levels left.
You didn't know any spells.
Your spell library was empty.

Dungeon Overview and Level Annotations

Branches:
Dungeon (2/15)

Altars:


Innate Abilities, Weirdness & Mutations

You are immune to poison.
You have sharp fingernails.
Your flesh is cold resistant. (rC+)
You are immune to negative energy. (rN+++)
You do not regenerate when monsters are visible.
You are immune to unholy pain and torment.
You thrive by killing the living.


Message History

Your Unarmed Combat skill increases to level 4!
You have reached level 3!
Your experience leads to an increase in your attributes!
Increase (S)trength, (I)ntelligence, or (D)exterity?
You feel stronger. x2
You closely miss the jackal. The jackal completely misses you.
You closely miss the jackal. The jackal bites you.
You scratch the jackal.
You kill the jackal!
You scratch the kobold but do no damage.
The kobold hits you but does no damage.
You scratch the kobold but do no damage.
The kobold hits you with a +0 short sword.
You claw the kobold!
You kill the kobold!
You feel better.
You barely miss the kobold. The kobold barely misses you.
You scratch the kobold but do no damage.
The kobold closely misses you.
You closely miss the kobold. The kobold barely misses you.
You miss the kobold. The kobold hits you but does no damage.
You claw the kobold!
You kill the kobold!
You scratch the gnoll.
The gnoll is lightly wounded.
The gnoll closely misses you.
You completely miss the gnoll.
The gnoll is lightly wounded.
You barely miss the gnoll.
The gnoll is lightly wounded.
The gnoll hits you with a +2 vorpal flail.
You barely miss the gnoll.
The gnoll is lightly wounded.
The gnoll hits you with a +2 vorpal flail!
* * * LOW HITPOINT WARNING * * *
You closely miss the gnoll.
The gnoll is lightly wounded.
The gnoll hits you with a +2 vorpal flail!
You die...
Xom snickers!

#...........#
#...).......## ####
#.....)......######...
##..########.....##...
#..# #####...... #..#
##...##... #...##
##..#.##... #.#..#
##..##.##### #..
#@#####..###..
##.###g##....## ###.
#....ggg..#### .#
#....####.#### . #..
#...# #. # #"..# .....
......P #....g..P


You could see 4 gnolls.

Vanquished Creatures
  An adder (D:2)
  A dart slug (D:1)
  A ball python (D:1)
  An endoplasm (D:1)
  A giant cockroach (D:1)
  2 goblins
  2 hobgoblins
  3 jackals (D:2)
  3 kobolds (D:2)
  A frilled lizard (D:1)
  3 rats (D:1)
19 creatures vanquished.

Vanquished Creatures (others)
  16 plants (D:2)
16 creatures vanquished.

Grand Total: 35 creatures vanquished

Notes
Turn   | Place    | Note
-------+----------+-------------------------------------------
     0 | D:1      | shoemetal68 the Ghoul Chaos Knight began the quest for the
                  | Orb.
     0 | D:1      | Reached XP level 1. HP: 19/19 MP: 0/0
   174 | D:1      | Reached XP level 2. HP: 26/26 MP: 1/1
   708 | D:2      | Reached skill level 4 in Unarmed Combat
   708 | D:2      | Reached XP level 3. HP: 31/31 MP: 2/2
   723 | D:2      | Slain by a gnoll

Illustrated notes

Levels and vault maps discovered:
D:1:      mrwooster_arrival_statue, layout_loops_ring
D:2:      layout_rooms, chequers_arboretum, nicolae_grassy_gnolls

Skill      XL: |  1  2 |
---------------+-------+-----
Armour         | 2 |  2.2
Unarmed Combat | 4 |  4.0
Fighting       | |  3.6
Dodging        | |  0.9

Action                   || total
-------------------------++-------
Melee: Unarmed           ||    52
Armor: Leather armour    ||     4
       Shadow dragon sca ||    15
       Scale mail        ||     6
Dodge: Dodged            ||    24
